Map: Para Site LE

Players

Mesrob

  • Race: Terran Terran
  • League: Gold
  • Spawn Location: 11:00

djrodimus - Winner!

  • Race: Protoss Protoss
  • League: Platinum
  • Spawn Location: 5:00

VOD

Have the link to the VOD?

Description

Time

  • Played on: Jan. 15, 2019, 4:40 p.m.
  • Length: 17:28
Show
View Real Time Build Order
Export as new Build Order

Mesrob Terran 

Build Orders: Mech 

Get SALT Encoding   

  12  0:00  SCV  
  13  0:12  SCV  
  14  0:17  Supply Depot  
  14  0:25  SCV  
  15  0:38  SCV  
  15  0:40  Barracks  
  16  0:47  Refinery  
  16  0:51  SCV  
  17  1:13  SCV  
  18  1:28  Orbital Command  
  18  1:32  Marine  
  19  1:39  Command Center  
  19  1:49  Marine  
  20  1:55  Factory  
  20  2:01  SCV  
  21  2:23  SCV  
  21  2:26  Barracks Tech Lab  
  22  2:35  SCV  
  23  2:50  SCV  
  24  2:54  Bunker  
  24  2:57  Supply Depot  
  24  3:03  SCV  
  24  3:04  Orbital Command  
  25  3:09  Siege Tank  
  28  3:15  SCV  
  29  3:26  Supply Depot  
  29  3:27  SCV  
  29  3:29  Refinery  
  29  3:32  SCV  
  31  3:38  Refinery  
  31  3:39  SCV  
  32  3:41  Siege Tank  
  32  3:44  SCV  
  36  3:48  Supply Depot  
  36  3:51  SCV  
  37  3:56  SCV  
  37  4:02  Engineering Bay  
  38  4:03  SCV  
  38  4:07  Factory  
  39  4:13  Refinery  
  39  4:15  SCV  
  40  4:21  Siege Tank  
  43  4:27  SCV  
  44  4:35  Command Center  
  44  4:38  SCV  
  45  4:39  SCV  
  46  4:47  Factory  
  46  4:50  SCV  
  46  4:51  SCV  
  48  4:55  Missile Turret  
  48  4:56  Supply Depot  
  48  5:12  SCV x2  
  50  5:16  Missile Turret  
  50  5:25  Factory Reactor, Siege Tank  
  53  5:31  Marine  
  54  5:36  Factory  
  54  5:37  Factory Reactor  
  54  5:38  Missile Turret  
  54  5:46  Armory  
  54  5:52  SCV  
  54  5:53  SCV  
  56  5:59  Missile Turret  
  57  6:04  SCV  
  57  6:05  SCV  
  57  6:09  Command Center  
  58  6:16  SCV  
  58  6:17  SCV  
  60  6:21  Planetary Fortress  
  60  6:22  Missile Turret  
  60  6:28  SCV  
  60  6:29  SCV  
  62  6:40  SCV  
  62  6:43  Sensor Tower  
  63  6:50  Missile Turret  
  63  6:51  SCV  
  63  6:52  SCV  
  65  7:03  SCV  
  65  7:04  Widow Mine x3  
  65  7:05  Widow Mine  
  65  7:06  Drilling Claws  
  74  7:11  Factory Tech Lab  
  74  7:12  Sensor Tower, Missile Turret  
  74  7:13  Factory  
  74  7:27  Factory  
  74  7:28  Factory  
  74  7:33  Missile Turret  
  74  7:36  SCV x3  
  77  7:47  Refinery  
  77  7:48  SCV x2  
  77  7:50  Refinery  
  79  7:52  Thor  
  79  7:53  Thor  
  79  7:54  Hellion, Hellbat, Missile Turret  
  79  7:55  Hellion x2  
  99  7:59  Factory Tech Lab  
  99  8:00  Factory, SCV  
  100  8:06  Armory  
  100  8:11  Hellion  
  100  8:18  Hellion  
  100  8:21  Terran Vehicle Weapons Level 1  
  100  8:47  Factory Tech Lab  
  100  8:48  Factory Reactor  
  100  9:01  SCV  
  99  9:13  SCV  
  99  9:16  Planetary Fortress  
  100  9:41  Supply Depot  
  100  9:42  Supply Depot  
  100  9:43  Supply Depot  
  100  9:45  SCV x2  
  100  9:46  Terran Vehicle And Ship Armor Level 1  
  100  9:48  Hellion, Factory Tech Lab  
  100  10:02  Thor  
  100  10:03  Hellbat  
  100  10:04  Hellbat, Thor x2  
  100  10:05  SCV  
  123  10:07  Supply Depot x2  
  123  10:09  Supply Depot  
  123  10:28  Thor  
  123  10:29  Hellbat x3, Hellion  
  123  10:30  Supply Depot  
  137  10:36  Supply Depot  
  137  10:37  Refinery  
  137  10:39  Supply Depot  
  137  10:40  Refinery  
  135  10:45  Thor  
  147  10:50  Hellbat x3  
  147  10:52  Hellbat, Thor  
  155  10:57  Thor  
  155  11:00  Terran Vehicle Weapons Level 2  
  155  11:01  Supply Depot  
  155  11:02  Infernal Pre-Igniter, Supply Depot  
  161  11:11  Thor  
  167  11:22  Thor  
  167  11:24  Hellbat x2  
  167  11:25  Hellbat x4  
  185  11:29  Smart Servos  
  185  11:48  Supply Depot  
  185  11:57  Supply Depot  
  185  12:04  Sensor Tower  
  185  12:10  Thor  
  185  12:11  Supply Depot  
  185  12:15  Command Center  
  191  12:18  SCV  
  191  12:19  SCV x3  
  191  12:21  Command Center  
  195  12:28  Supply Depot  
  195  12:30  Hellion, SCV  
  195  12:31  SCV  
  195  12:35  Supply Depot  
  197  12:38  Hellbat  
  197  13:31  Thor  
  199  13:38  Thor  
  199  13:40  Thor  
  197  13:41  Thor  
  197  13:44  Thor  
  137  14:14  Hellbat x4, Thor  
  137  14:16  Hellbat x2  
  155  14:21  Thor  
  155  14:23  Thor  
  167  14:24  Thor  
  167  14:27  Thor  
  179  14:35  Hellbat x3  
  179  14:36  Hellbat  
  179  14:38  Hellbat  
  189  14:39  Planetary Fortress  
  189  14:42  Refinery  
  187  14:51  Refinery  
  187  14:56  Terran Vehicle And Ship Armor Level 2  
  187  14:57  Widow Mine, Thor  
  187  14:59  Widow Mine  
  197  15:05  Hellbat  
  199  15:32  Orbital Command  
  111  16:14  Starport x3  
  109  16:20  Starport  
  109  16:24  Starport  
  109  16:25  Starport  
  107  16:30  Starport  
  107  16:36  Thor x5  
  107  16:39  Widow Mine x5  
  149  16:40  Widow Mine  
  140  17:00  Widow Mine x2  
  140  17:01  Widow Mine x3  
Show
View Real Time Build Order
Export as new Build Order

djrodimus Protoss - Winner!

Build Orders: Nexus First, Carriers 

Get SALT Encoding   

  12  0:02  Probe  
  13  0:10  Probe  
  14  0:26  Probe  
  15  0:54  Nexus  
  15  1:01  Assimilator  
  15  1:10  Pylon  
  15  1:17  Pylon  
  15  1:40  Forge  
  15  1:44  Probe, Gateway  
  16  1:52  Probe  
  17  2:01  Probe  
  17  2:02  Probe  
  19  2:10  Probe  
  19  2:13  Assimilator  
  20  2:17  Assimilator  
  20  2:20  Probe  
  21  2:31  Photon Cannon  
  21  2:32  Probe  
  22  2:41  Pylon  
  22  2:44  Probe  
  23  2:53  Pylon  
  23  2:57  Probe  
  23  2:59  Pylon  
  23  3:05  Probe  
  24  3:09  Probe  
  26  3:14  Photon Cannon  
  26  3:20  Probe  
  26  3:24  Photon Cannon  
  27  3:28  Probe  
  28  3:35  Cybernetics Core  
  28  3:37  Probe  
  28  3:43  Probe  
  30  3:49  Probe  
  30  3:51  Probe  
  31  4:00  Probe  
  31  4:01  Probe  
  34  4:17  Stargate  
  34  4:18  Stargate  
  34  4:25  Stargate  
  34  4:28  Probe  
  34  4:29  Probe  
  35  4:36  Probe  
  36  4:40  Photon Cannon  
  36  4:41  Probe  
  36  4:45  Photon Cannon  
  38  4:48  Probe  
  38  4:51  Oracle, Photon Cannon  
  39  4:53  Probe  
  39  4:58  Protoss Air Armor Level 1  
  40  5:00  Probe  
  40  5:03  Oracle  
  40  5:05  Probe  
  45  5:12  Probe  
  49  5:17  Probe  
  49  5:18  Assimilator  
  50  5:21  Assimilator  
  50  5:25  Nexus  
  50  5:35  Void Ray  
  54  5:52  Cybernetics Core  
  54  5:54  Pylon  
  54  5:57  Pylon  
  54  6:01  Protoss Shields Level 1  
  54  6:05  Void Ray, Photon Cannon  
  58  6:12  Pylon  
  58  6:28  Protoss Air Weapons Level 1  
  58  6:33  Photon Cannon  
  58  6:36  Void Ray, Probe  
  63  6:44  Probe  
  63  6:48  Photon Cannon  
  63  6:53  Probe  
  64  6:55  Phoenix  
  67  7:03  Fleet Beacon  
  67  7:05  Probe  
  68  7:08  Photon Cannon  
  68  7:16  Shield Battery  
  68  7:17  Probe  
  68  7:19  Shield Battery  
  69  7:23  Pylon  
  69  7:25  Probe  
  70  7:33  Probe  
  70  7:38  Oracle x2  
  70  7:39  Protoss Air Armor Level 2  
  77  7:44  Probe  
  78  7:53  Probe  
  79  8:01  Probe  
  79  8:02  Assimilator  
  80  8:06  Assimilator  
  80  8:10  Probe  
  80  8:16  Stargate  
  81  8:20  Stargate  
  81  8:22  Probe  
  82  8:32  Probe  
  82  8:40  Probe  
  84  8:49  Probe  
  85  9:01  Probe  
  85  9:09  Protoss Air Weapons Level 2  
  85  9:10  Nexus  
  85  9:11  Carrier  
  85  9:12  Carrier  
  85  9:13  Probe  
  98  9:25  Probe  
  99  9:31  Twilight Council  
  99  9:37  Robotics Facility  
  99  9:38  Protoss Air Armor Level 3  
  91  10:02  Protoss Shields Level 2  
  91  10:09  Pylon  
  91  10:12  Pylon  
  91  10:15  Pylon  
  91  10:21  Void Ray x2  
  91  10:24  Assimilator  
  91  10:25  Probe  
  91  10:27  Assimilator  
  99  10:33  Probe  
  101  10:42  Probe  
  101  10:49  Pylon  
  102  10:53  Pylon  
  102  10:55  Probe  
  103  10:59  Warp Prism  
  103  11:00  Carrier x2  
  105  11:07  Probe  
  118  11:17  Protoss Air Weapons Level 3  
  118  11:19  Probe  
  119  11:31  Probe  
  120  11:40  Photon Cannon  
  120  11:43  Probe, Photon Cannon  
  120  11:44  Photon Cannon  
  121  11:48  Photon Cannon  
  121  11:52  Photon Cannon  
  121  11:56  Photon Cannon  
  121  11:59  Pylon  
  121  12:04  Pylon  
  121  12:05  Shield Battery  
  121  12:08  Shield Battery  
  121  12:11  Shield Battery  
  121  12:51  Carrier x3  
  133  12:52  Carrier  
  145  13:00  Nexus  
  145  13:02  Stargate  
  145  13:07  Stargate  
  145  13:12  Stargate  
  145  13:22  Stargate  
  145  13:27  Pylon  
  125  14:05  Observer  
  124  14:14  Probe  
  125  14:22  Probe  
  126  14:25  Carrier x4  
  126  14:26  Carrier  
  157  14:31  Probe  
  158  14:44  Probe  
  158  14:45  Observer  
  157  14:56  Probe  
  158  15:02  Observer  
  158  15:04  Pylon  
  158  16:29  Void Ray x2  
  158  16:31  Oracle x2  
  172  16:37  Pylon  
  172  16:39  Pylon  
  172  16:42  Pylon  
Tags
 
Composition
CarriersMech
Matchup
PvT
Replay Pack
sc2 replays
Spawn Locations
Cross Positions
Add a new tag
Caveats
  • Supply blocks, unpowered buildings, or Contaminate may cause inaccurate times.
  • Supply counts are checked every 10 seconds.